 Dungeon Crawl Stone Soup version 0.23.1 (webtiles) character file.

Game seed: 0

115045 LostNumber the Brawler (level 16, -7/129 HPs)
             Began as a Demonspawn Warper on Mar 3, 2019.
             Was a High Priest of Qazlal.
             Mangled by a demonic crawler (9 damage)
             ... on level 3 of the Spider Nest.
             The game lasted 01:05:16 (30958 turns).

LostNumber the Brawler (Demonspawn Warper)         Turns: 30958, Time: 01:05:17

Health: -7/129     AC: 23    Str: 18    XL:     16   Next: 17%
Magic:  0/27       EV:  3    Int: 15    God:    Qazlal [*****.]
Gold:   567        SH:  0    Dex: 13    Spells: 19/19 levels left

rFire    + + .     SeeInvis .     - Unarmed
rCold    . . .     Gourm    .   Y - +18 shield of the Gong {rElec rN+ MR+ EV-5}
rNeg     + . .     Faith    .   M - +5 chain mail {rF+}
rPois    +         Spirit   +   y - +1 hat
rElec    +         Reflect  .   o - +2 cloak {+Inv}
rCorr    .         Harm     .   (no gloves)
MR       +++..                  (boots unavailable)
Stlth    +.........             S - amulet of guardian spirit
HPRegen  0.31/turn              l - ring of protection from magic
MPRegen  0.20/turn              I - ring of poison resistance

@: confused, lethally poisoned (-7 -> -27), protected from physical damage,
repel missiles
A: claws 2, horns 2, talons 3, fire resistance 1, nightstalker 3, rot immunity
a: Upheaval, Elemental Force, Disaster Area, Renounce Religion, Evoke
Invisibility


You were on level 3 of the Spider Nest.
You worshipped Qazlal.
Qazlal was extremely pleased with you.
You were not hungry.

You visited 5 branches of the dungeon, and saw 26 of its levels.
You also visited: Bailey, Ice Cave and Volcano.

You collected 2050 gold pieces.
You spent 1483 gold pieces at shops.

Inventory:

Hand Weapons
 D - the +11 war axe "Oxkuw" {flame, Int+2}
   (You found it on level 4 of the Lair of Beasts)

   It has been specially enchanted to burn those struck by it, causing extra
   injury to most foes and up to half again as much damage against particularly
   susceptible opponents.
   Big, fiery blades are also staple armaments of hydra-hunters.
   It affects your intelligence (+2).
 E - the cursed +0 short sword of Glory {flame, Int+3, unknown}
   (You found it on level 6 of the Dungeon)

   It has been specially enchanted to burn those struck by it, causing extra
   injury to most foes and up to half again as much damage against particularly
   susceptible opponents.
   It affects your intelligence (+3).
   It has a curse placed upon it.
Missiles
 f - 5 tomahawks of dispersal (quivered) {!f}
 i - 24 tomahawks
 F - 5 steel tomahawks
 L - 4 throwing nets {!f}
Armour
 o - a +2 cloak of invisibility (worn)
   (You found it on level 1 of the Spider Nest)
 y - a +1 hat (worn)
   (You found it on level 10 of the Dungeon)
 M - a +5 chain mail of fire resistance (worn)
   (You took it off Harold on level 8 of the Dungeon)
 N - a +0 pair of gloves of dexterity
   (You acquired it on level 4 of the Lair of Beasts)
 Y - the +18 shield of the Gong (worn) {rElec rN+ MR+ EV-5}
   (You bought it in a shop on level 2 of the Orcish Mines)

   It affects your evasion (-5).
   It insulates you from electricity.
   It protects you from negative energy.
   It affects your resistance to hostile enchantments.
Jewellery
 l - a ring of protection from magic (left claw)
   (You found it on level 10 of the Dungeon)
 I - a ring of poison resistance (right claw)
   (You found it on level 3 of the Dungeon)
 O - an uncursed ring of protection from magic
   (You found it on level 1 of the Spider Nest)
 S - an amulet of guardian spirit (around neck)
   (You found it on level 4 of the Lair of Beasts)
 X - an uncursed ring of protection from cold {unknown}
   (You found it in an ice cave)
Wands
 c - a wand of disintegration (16)
   (You found it on level 7 of the Dungeon)
 k - a wand of polymorph (38)
   (You found it on level 2 of the Dungeon)
 t - a wand of flame (36)
   (You found it on level 3 of the Dungeon)
 u - a wand of paralysis (4)
   (You found it on level 5 of the Dungeon)
 v - a wand of digging (6)
   (You took it off Grinder on level 5 of the Dungeon)
 x - a wand of acid (17)
   (You found it on level 3 of the Dungeon)
 J - a wand of enslavement (24)
   (You took it off Maurice on level 8 of the Dungeon)
Scrolls
 b - 4 scrolls of magic mapping
 g - 6 scrolls of enchant weapon
 h - 2 scrolls of fog
 p - 13 scrolls of remove curse {@r2}
 q - 2 scrolls of fear
 w - 2 scrolls of silence
 B - 2 scrolls of immolation {!r}
 C - 6 scrolls of teleportation {@r4}
 K - 6 scrolls of enchant armour
 P - 3 scrolls of blinking
 Q - 2 scrolls of holy word {unknown}
 W - 2 scrolls of identify {@r1}
Potions
 a - 2 potions of invisibility
 d - 5 potions of curing {@q1}
 m - 4 potions of flight
 n - a potion of haste {@q3}
 r - 4 potions of brilliance
 s - 5 potions of heal wounds {@q2}
 z - 4 potions of lignification {!q}
 A - 8 potions of might
 G - 3 potions of cancellation
 H - a potion of magic
 R - a potion of agility
 V - 2 potions of mutation {!q}
Comestibles
 e - 37 rations {!d}


   Skills:
 + Level 12.8 Fighting
 - Level 2.3 Axes
 - Level 0.8 Throwing
 - Level 7.5 Armour
 + Level 4.0 Dodging
 * Level 9.6 Shields
 * Level 15.8 Unarmed Combat
 - Level 2.0 Spellcasting
   Level 2.6 Translocations
 + Level 14.8 Invocations
 - Level 5.1 Evocations


You had 19 spell levels left.
You didn't know any spells.
Your spell library contained the following spells:

 Spells                   Type           Power        Failure   Level  Hunger
 Blink                    Tloc           N/A          92%         2    ###....
 Shroud of Golubria       Chrm/Tloc      #.........   98%         2    ###....
 Infusion                 Chrm           #...         99%         1    #......
 Magic Dart               Conj           #...         99%         1    #......
 Shock                    Conj/Air       #...         99%         1    #......
 Sting                    Conj/Pois      #...         99%         1    #......
 Summon Small Mammal      Summ           #...         99%         1    #......
 Gell's Gravitas          Tloc           #.........   99%         3    ###....
 Lesser Beckoning         Tloc           #.........   99%         3    ###....
 Teleport Other           Tloc           #.......     99%         3    ###....
 Call Imp                 Summ           #.......     100%        2    ###....
 Poisonous Vapours        Pois/Air       #.....       100%        2    ###....
 Slow                     Hex            #.......     100%        2    ###....
 Song of Slaying          Chrm           #.......     100%        2    ###....
 Swiftness                Chrm/Air       #.......     100%        2    ###....
 Call Canine Familiar     Summ           #.......     100%        3    ###....
 Conjure Flame            Conj/Fire      #.......     100%        3    ###....
 Mephitic Cloud           Conj/Pois/Air  #.......     100%        3    ###....
 Regeneration             Chrm/Necr      #.........   100%        3    ###....
 Spectral Weapon          Hex/Chrm       #.......     100%        3    ###....
 Static Discharge         Conj/Air       #.......     100%        3    ###....
 Summon Guardian Golem    Hex/Summ       #.......     100%        3    ###....
 Airstrike                Air            #.........   100%        4    #####..
 Ice Form                 Ice/Tmut       #.......     100%        4    #####..
 Olgreb's Toxic Radiance  Pois           #.......     100%        4    #####..
 Passage of Golubria      Tloc           N/A          100%        4    #####..
 Summon Ice Beast         Ice/Summ       #.......     100%        4    #####..
 Summon Lightning Spire   Summ/Air       #.......     100%        4    #####..
 Lightning Bolt           Conj/Air       #.........   100%        5    ######.
 Metabolic Englaciation   Hex/Ice        #.........   100%        5    ######.
 Venom Bolt               Conj/Pois      #.........   100%        5    ######.
 Bolt of Cold             Conj/Ice       #.........   100%        6    #######
 Freezing Cloud           Conj/Ice/Air   #.........   100%        6    #######
 Ozocubu's Refrigeration  Ice            #.........   100%        6    #######
 Simulacrum               Ice/Necr       #.........   100%        6    #######
 Ring of Flames           Chrm/Fire      #.........   100%        7    #######


Dungeon Overview and Level Annotations

Branches:
Dungeon (14/15)            Temple (1/1) D:5            Lair (6/6) D:10
 Shoals (0/4) Lair:2       Spider (3/4) Lair:3        Slime (0/5) Lair:6
    Orc (2/2) D:9             Elf (0/3) Orc:2
 Vaults: D:13-14

Altars:
Ashenzari
Cheibriados
Elyvilon
Fedhas
Gozag
Hepliaklqana
Kikubaaqudgha
Makhleb
Nemelex Xobeh
Okawaru
Qazlal
Ru
Sif Muna
Trog
Uskayaw
Vehumet
Wu Jian
Xom
Yredelemnul
Zin
The Shining One
Beogh
Jiyva

Shops:
D:4 [?   D:6 *   Orc:2 =([*

Annotations:
D:5 Crazy Yiuf
Lair:3 exclusion: 2 oklob plants


Innate Abilities, Weirdness & Mutations

You have very sharp fingernails.
You have a pair of horns on your head.
You have claws for feet.
You are completely attuned to the shadows.
You are immune to rotting.
Your flesh is heat resistant. (rF+)


Message History

The jumping spider leaps!
A redback comes into view.
The wolf spider completely misses you.
The wolf spider bites you but does no damage.
The jumping spider leaps!
The tarantella barely misses you.
The jumping spider leaps!
The wolf spider hits you but does no damage.
The wolf spider bites you but does no damage.
A redback comes into view.
The wolf spider barely misses you. x2; The jumping spider leaps!
The tarantella bites you!
* * * LOW HITPOINT WARNING * * *
You are more confused.
A wolf spider comes into view.
You feel better. You block the jumping spider's attack.
PANG!
You block the jumping spider's attack.
GONNNNG!
The tarantella bites you.
* * * LOW HITPOINT WARNING * * *
You are confused.
The wolf spider hits you!
* * * LOW HITPOINT WARNING * * *
You feel more protected from physical attacks.
The wolf spider bites you.
* * * LOW HITPOINT WARNING * * *
You are poisoned.
The wolf spider poisons you!
The demonic crawler is struck by lightning.
The wolf spider hits you!
* * * LOW HITPOINT WARNING * * *
You feel more protected from physical attacks.
The wolf spider bites you but does no damage.
The tarantella bites you but does no damage.
The jumping spider leaps!
The wolf spider hits you but does no damage.
The wolf spider bites you.
* * * LOW HITPOINT WARNING * * *
The tarantella bites you but does no damage.
The wolf spider hits you.
* * * LOW HITPOINT WARNING * * *
The wolf spider bites you but does no damage.
The demonic crawler is struck by lightning.
The demonic crawler hits you!
* * * LOW HITPOINT WARNING * * *
The demonic crawler hits you but does no damage. x2
The demonic crawler is struck by lightning.
The demonic crawler hits you but does no damage. x2
The demonic crawler hits you!
You die...

#...#...>
.........
.≈°°§..°..
.≈..sss...
≈.☼ssss...
...s@sss..
..≈≈○ss.°.
≈.≈○ss....
≈≈s......[
..........
.........


You could see 2 demonic crawlers, 5 wolf spiders, 4 jumping spiders, 3
tarantellas and 2 redbacks.

Vanquished Creatures
  Arachne (Spider:1)
  Kirke (Spider:1)
  Donald (Spider:2)
  2 ghost moths (Lair:3)
  An entropy weaver (Lair:5)
  A white draconian (IceCv)
  Harold (D:8)
  2 hydras
  2 centaur warriors
  A death knight (D:14)
  2 two-headed ogres
  7 death yaks
  A queen ant (Lair:4)
  Urug (Lair:1)
  2 orc high priests
  Sonja (Lair:5)
  A skeletal warrior (D:14)
  7 orc knights
  A phantasmal warrior (D:14)
  12 orb spiders
  4 deep elf magi
  3 ugly things
  3 orc sorcerers (Orc:2)
  A moth of wrath (Lair:3)
  7 wolf spiders
  2 black mambas
  Maurice (D:8)
  Joseph (D:8)
  Psyche (D:8)
  An elephant (Lair:6)
  5 spiny frogs
  2 komodo dragons
  A kobold demonologist (Bailey)
  5 rime drakes
  4 yaktaurs (D:14)
  9 demonic crawlers
  23 jumping spiders
  3 meliai (D:14)
  6 trolls
  12 polar bears
  5 hornets
  Grinder (D:5)
  3 blink frogs (Lair:5)
  9 hippogriffs
  10 redbacks
  Sigmund (D:2)
  11 tarantellas
  A wyvern (D:13)
  A wraith (D:14)
  3 fire bats (Volcano)
  68 yaks
  A basilisk (Lair:5)
  3 hogs (Spider:1)
  Edmund (D:4)
  An acid dragon (D:11)
  25 soldier ants
  10 water moccasins
  2 porcupines
  34 orc warriors
  3 sky beasts
  2 black bears
  2 ice beasts
  A boggart (D:14)
  2 phantoms
  33 wolves
  13 ogres
  7 centaurs
  8 crocodiles
  5 big kobolds
  7 bullfrogs
  7 scorpions
  4 killer bees (D:9)
  7 wights
  2 howler monkeys
  6 electric eels
  2 centaur zombies
  7 crimson imps
  A bullfrog zombie (D:11)
  6 hounds
  4 jellies
  2 bullfrog skeletons
  9 centaur skeletons
  22 orc priests
  27 orc wizards
  6 iguanas
  Natasha (thrice) (D:2)
  29 worker ants
  A hound skeleton (D:9)
  A howler monkey zombie (D:5)
  A worker ant zombie (D:8)
  A howler monkey skeleton (D:5)
  16 gnolls
  8 adders
  2 shadow imps
  2 oozes
  2 worms (D:2)
  A dart slug (D:3)
  9 leopard geckos
  72 orcs
  9 bats
  3 giant cockroaches
  11 hobgoblins
  9 jackals
  11 kobolds
  5 quokkas
  7 frilled lizards
  17 goblins
  A goblin zombie (D:4)
  A jackal skeleton (D:4)
  A leopard gecko skeleton (D:5)
  2 leopard gecko zombies (D:5)
  5 rats
  A rat zombie (D:4)
  2 butterflies (Lair:5)
760 creatures vanquished.

Vanquished Creatures (collateral kills)
  An orc warlord (Orc:2)
  A hydra (D:13)
  An orc sorcerer (Orc:2)
  A hog (Lair:3)
  3 orc warriors (Orc:2)
  A crimson imp (D:13)
  An orc priest (Orc:2)
  2 orc wizards (Orc:2)
  A worker ant (Lair:4)
  8 orcs (Orc:2)
20 creatures vanquished.

Vanquished Creatures (others)
  Nikola (Spider:1)
  A polar bear (IceCv)
  2 bushes (Lair:5)
  15 fungi (Lair:5)
  10 plants
29 creatures vanquished.

Grand Total: 809 creatures vanquished

Notes
Turn   | Place    | Note
-------+----------+-------------------------------------------
     0 | D:1      | LostNumber the Demonspawn Warper began the quest for the
                  | Orb.
     0 | D:1      | Reached XP level 1. HP: 16/16 MP: 3/3
   394 | D:1      | Gained mutation: You have sharp toenails. [demonic
                  | ancestry]
   394 | D:1      | Reached XP level 2. HP: 15/22 MP: 5/5
  1102 | D:1      | Reached skill level 1 in Unarmed Combat
  1427 | D:2      | Reached XP level 3. HP: 22/28 MP: 6/6
  1545 | D:2      | Noticed Natasha
  1568 | D:2      | Gained mutation: Your flesh is heat resistant. (rF+)
                  | [potion of mutation]
  1568 | D:2      | Gained mutation: You have a pair of small antennae on your
                  | head. [potion of mutation]
  1570 | D:2      | Killed Natasha
  1575 | D:2      | HP: 2/42 [leopard gecko (2)]
  1593 | D:2      | Noticed Natasha
  1802 | D:3      | Noticed an ogre
  1907 | D:2      | Killed Natasha
  1907 | D:2      | Reached skill level 1 in Shields
  1907 | D:2      | Reached skill level 2 in Unarmed Combat
  1907 | D:2      | Lost mutation: You have a pair of small antennae on your
                  | head. [demonic ancestry]
  1907 | D:2      | Gained mutation: You have a pair of small horns on your
                  | head. [demonic ancestry]
  1907 | D:2      | Reached XP level 4. HP: 11/34 MP: 7/7
  2411 | D:2      | Noticed Sigmund
  2432 | D:2      | Killed Sigmund
  2432 | D:2      | Reached skill level 3 in Unarmed Combat
  2432 | D:2      | Gained mutation: You have sharp fingernails. [demonic
                  | ancestry]
  2432 | D:2      | Reached XP level 5. HP: 16/41 MP: 8/8
  2432 | D:2      | Gained mutation: You have very sharp fingernails. [demonic
                  | ancestry]
  2432 | D:2      | Reached XP level 6. HP: 19/47 MP: 9/9
  2957 | D:2      | Noticed Natasha
  2964 | D:2      | Killed Natasha
  3234 | D:3      | Found a faded altar of an unknown god.
  3288 | D:3      | Reached skill level 4 in Unarmed Combat
  3994 | D:4      | Gained mutation: You have razor-sharp toenails. [demonic
                  | ancestry]
  3994 | D:4      | Reached XP level 7. HP: 53/54 MP: 10/10
  4230 | D:4      | Found an opulent altar of Gozag.
  4655 | D:4      | Noticed Edmund
  4664 | D:4      | Killed Edmund
  4664 | D:4      | Reached skill level 5 in Unarmed Combat
  4894 | D:4      | Found Lanisef's Magic Scroll Emporium.
  5011 | D:4      | Bought a scroll of teleportation for 39 gold pieces
  5011 | D:4      | Bought a scroll of fear for 45 gold pieces
  5037 | D:4      | Found Keunynlo's Antique Armour Shoppe.
  5080 | D:4      | Reached skill level 5 in Fighting
  5080 | D:4      | Reached XP level 8. HP: 59/62 MP: 11/11
  5352 | D:5      | Entered Level 5 of the Dungeon
  5428 | D:5      | Found a staircase to the Ecumenical Temple.
  5485 | Temple   | Entered the Ecumenical Temple
  5622 | Temple   | Became a worshipper of Qazlal Stormbringer
  5726 | D:5      | Reached skill level 6 in Unarmed Combat
  6050 | D:5      | Noticed Grinder
  6065 | D:5      | Killed Grinder
  6065 | D:5      | Reached skill level 1 in Invocations
  6065 | D:5      | Reached skill level 1 in Evocations
  6221 | D:5      | Found a runed translucent door.
  6222 | D:5      | Noticed Crazy Yiuf
  6650 | D:4      | Bought a smoking chain mail for 247 gold pieces
  6660 | D:4      | Identified the +6 chain mail of the Hidden Vale {rF- Int+4
                  | Stlth+} (You bought it in a shop on level 4 of the Dungeon)
  6813 | D:6      | Got a jewelled short sword
  6986 | D:6      | Reached * piety under Qazlal
  7182 | D:6      | Reached skill level 7 in Unarmed Combat
  7532 | D:6      | Found Dasuh's Elemental Accessories.
  7647 | D:6      | Gained mutation: You have a pair of horns on your head.
                  | [demonic ancestry]
  7647 | D:6      | Reached XP level 9. HP: 69/69 MP: 12/12
  8215 | D:7      | Noticed a brown ugly thing
  8479 | D:8      | Noticed Psyche
  8484 | D:8      | Killed Psyche
  8484 | D:8      | Reached skill level 8 in Unarmed Combat
  8484 | D:8      | Reached skill level 5 in Invocations
  8543 | D:8      | Reached ** piety under Qazlal
  8612 | D:8      | Noticed Joseph
  8786 | D:8      | Killed Joseph
  8786 | D:8      | Gained mutation: You are slightly more attuned to the
                  | shadows. [demonic ancestry]
  8786 | D:8      | Reached XP level 10. HP: 65/79 MP: 14/14
  8864 | D:8      | Noticed Maurice
  8875 | D:8      | Killed Maurice
  9051 | D:8      | Noticed Harold
  9067 | D:8      | Killed Harold
  9067 | D:8      | Reached skill level 9 in Unarmed Combat
  9067 | D:8      | Reached skill level 5 in Evocations
 10336 | D:9      | Reached skill level 1 in Armour
 10336 | D:9      | Reached skill level 10 in Unarmed Combat
 10408 | D:9      | Found a staircase to the Orcish Mines.
 10605 | D:10     | Entered Level 10 of the Dungeon
 10784 | D:10     | Found a staircase to the Lair.
 10825 | D:10     | Reached *** piety under Qazlal
 11739 | Lair:1   | Entered Level 1 of the Lair of Beasts
 11779 | Lair:1   | Found a dark tunnel.
 11785 | Volcano  | Entered a volcano
 11976 | Volcano  | Gained mutation: You are significantly more attuned to the
                  | shadows. [demonic ancestry]
 11976 | Volcano  | Reached XP level 11. HP: 73/86 MP: 17/17
 12199 | Lair:1   | You fall through a shaft!
 12377 | Lair:1   | Noticed Urug
 12417 | Lair:1   | Killed Urug
 13401 | Lair:2   | Noticed a six-headed hydra
 13405 | Lair:2   | Killed a six-headed hydra
 13798 | Lair:2   | Reached skill level 11 in Unarmed Combat
 14234 | Lair:2   | Found a staircase to the Shoals.
 14875 | Lair:3   | Noticed an orb spider
 14880 | Lair:3   | Killed an orb spider
 14881 | Lair:3   | Found a hole to the Spider Nest.
 14951 | Lair:3   | Reached skill level 10 in Invocations
 15440 | Lair:3   | Noticed an oklob plant
 15440 | Lair:3   | Noticed an oklob plant
 15586 | Lair:4   | Got a slimy war axe
 15674 | Lair:4   | Got a twisted leather armour
 15675 | Lair:4   | Identified a scroll of acquirement
 15869 | Lair:4   | Gained mutation: You are completely attuned to the shadows.
                  | [demonic ancestry]
 15869 | Lair:4   | Reached XP level 12. HP: 88/96 MP: 19/19
 16403 | Lair:5   | Noticed a death yak
 16404 | Lair:5   | Noticed a death yak
 16411 | Lair:5   | Noticed a death yak
 16413 | Lair:5   | Killed a death yak
 16416 | Lair:5   | Noticed a death yak
 16418 | Lair:5   | Killed a death yak
 16534 | Lair:5   | Reached skill level 12 in Unarmed Combat
 16541 | Lair:4   | Reached skill level 5 in Armour
 17123 | Lair:5   | Noticed a queen ant
 17127 | Lair:5   | Noticed an entropy weaver
 17134 | Lair:5   | Killed an entropy weaver
 17134 | Lair:5   | Reached skill level 10 in Fighting
 17153 | Lair:5   | Noticed an entropy weaver
 17171 | Lair:4   | Killed a queen ant
 17657 | Lair:4   | Killed a death yak
 17825 | Lair:5   | Noticed Sonja
 17833 | Lair:5   | Killed Sonja
 18402 | Lair:5   | Killed a death yak
 18454 | Lair:5   | Gained mutation: You have claws for feet. [demonic
                  | ancestry]
 18454 | Lair:5   | Reached XP level 13. HP: 77/104 MP: 17/21
 18604 | Lair:5   | Reached skill level 13 in Unarmed Combat
 18735 | Lair:5   | Gained mutation: You are immune to rotting. [demonic
                  | ancestry]
 18735 | Lair:5   | Reached XP level 14. HP: 94/111 MP: 0/23
 18971 | Lair:6   | Entered Level 6 of the Lair of Beasts
 19062 | Lair:6   | Found a staircase to the Slime Pits.
 19063 | Lair:6   | Found a viscous altar of Jiyva.
 20031 | D:7      | Identified the +2 leather armour "Reumuohu" {rN++ Regen+}
                  | (You found it on level 4 of the Lair of Beasts)
 20272 | D:11     | Found a flagged portal.
 20278 | Bailey   | Entered a bailey
 20922 | Bailey   | Found an iron altar of Okawaru.
 21857 | D:12     | Reached **** piety under Qazlal
 21857 | D:12     | Reached skill level 14 in Unarmed Combat
 22736 | D:13     | Reached skill level 5 in Shields
 23156 | D:13     | Identified the +11 war axe "Oxkuw" {flame, Int+2} (You
                  | found it on level 4 of the Lair of Beasts)
 23307 | D:14     | Identified the cursed +1 scale mail of Vampiric Thralls
                  | {-Tele +Fly rN+ Str+4}
 23353 | D:14     | Got a brightly glowing leather armour
 24225 | Orc:1    | Entered Level 1 of the Orcish Mines
 24358 | Orc:2    | Entered Level 2 of the Orcish Mines
 24593 | Orc:2    | Noticed an orc warlord
 24609 | Orc:2    | Killed an orc warlord
 24613 | Orc:2    | Reached XP level 15. HP: 85/120 MP: 14/25
 24865 | Orc:2    | Found a roughly hewn altar of Beogh.
 24952 | Orc:2    | Found a frozen archway.
 24958 | IceCv    | Entered an ice cave
 25095 | IceCv    | Reached ***** piety under Qazlal
 25466 | IceCv    | Reached skill level 15 in Unarmed Combat
 25876 | Orc:2    | Found Qerhifye's General Store.
 25921 | Orc:2    | Bought a scroll of blinking for 82 gold pieces
 25921 | Orc:2    | Bought the +18 shield of the Gong {rElec rN+ MR+ EV-5} for
                  | 1070 gold pieces
 25921 | Orc:2    | Found the +18 shield of the Gong {rElec rN+ MR+ EV-5}
 25978 | Orc:2    | Found Keyffuet's Antique Armour Shoppe.
 25994 | Orc:2    | Found Atreas Fesaa's Antique Weapon Shoppe.
 26097 | Orc:2    | Found a staircase to the Elven Halls.
 26121 | Orc:2    | Found a roughly hewn altar of Beogh.
 26182 | Orc:2    | Found Suxabuz's Jewellery Shoppe.
 26812 | Spider:1 | Entered Level 1 of the Spider Nest
 27295 | Spider:1 | Noticed Nikola
 27307 | Spider:1 | Killed Nikola
 27639 | Lair:3   | Killed a ghost moth
 28287 | Spider:1 | Noticed Kirke
 28300 | Lair:3   | HP: 6/122 [something (3)]
 28302 | Lair:3   | Killed a ghost moth
 28976 | Spider:1 | Killed Kirke
 29658 | Spider:2 | Reached XP level 16. HP: 114/129 MP: 24/27
 29669 | Spider:2 | Noticed Arachne
 29717 | Spider:1 | Killed Arachne
 30091 | Spider:2 | Noticed Donald
 30099 | Spider:2 | Killed Donald
 30958 | Spider:3 | HP: 2/129 [demonic crawler (6)]
 30958 | Spider:3 | Mangled by a demonic crawler

Skill      XL: |  1  2  3  4  5  6  7  8  9 10 11 12 13 14 15 16 |
---------------+-------------------------------------------------+-----
Axes           | 2 |  2.3
Unarmed Combat | 1 2 3 4 5 7 8 10 11 12 13 14 15 | 15.8
Shields        | 1 2 3 4 6 9 |  9.6
Fighting       | 3 4 5 7 8 9 10 11 12 | 12.8
Invocations    | 3 6 8 10 11 12 13 14 | 14.8
Evocations     | 2 4 5 |  5.1
Armour         | 1 4 6 7 |  7.5
Dodging        | 3 4 |  4.0
Throwing       | |  0.8
Spellcasting   | |  2.0
Translocations | |  2.6

Action                   |  1- 3 |  4- 6 |  7- 9 | 10-12 | 13-15 | 16-18 || total
-------------------------+-------+-------+-------+-------+-------+-------++-------
Melee: Hand axe          |    40 |       |       |       |       |       ||    40
       Unarmed           |   119 |   120 |   381 |   650 |  1224 |    55 ||  2549
       Kick              |    14 |    28 |   109 |   158 |   349 |    17 ||   675
       Punch             |     1 |     1 |     3 |       |       |       ||     5
       Headbutt          |       |    21 |    62 |   113 |   219 |    12 ||   427
Invok: Upheaval          |       |       |       |    15 |     9 |     1 ||    25
       Elemental Force   |       |       |       |     2 |     6 |       ||     8
       Disaster Area     |       |       |       |       |       |     1 ||     1
Evoke: Wand              |       |     1 |     3 |     7 |       |     1 ||    12
  Use: Potion            |     4 |       |     1 |     3 |     2 |     2 ||    12
       Scroll            |     3 |       |     6 |    11 |    13 |       ||    33
 Stab: Distracted        |       |       |     2 |       |       |       ||     2
       Paralysed         |       |       |     2 |       |       |       ||     2
  Eat: Chunk             |     3 |     7 |    15 |    28 |    19 |     1 ||    73
       Ration            |       |       |       |     1 |     5 |     1 ||     7
Armor: Leather armour    |    20 |       |       |       |       |       ||    20
       Ring mail         |    22 |    24 |    29 |       |       |       ||    75
       Skin              |       |       |     2 |     4 |       |       ||     6
       Chain mail        |       |       |   116 |   321 |   538 |   116 ||  1091
Dodge: Dodged            |    87 |    53 |   130 |   176 |   260 |    10 ||   716
       Deflected         |       |       |       |       |     7 |       ||     7
Block: Buckler           |       |       |    73 |   214 |   413 |       ||   700
       Shield            |       |       |       |       |   427 |   113 ||   540
       Other             |       |       |       |       |     4 |       ||     4
